 Dungeon Crawl Stone Soup version 0.29-a0-378-gc08b2e8bf8 (webtiles) character file.

Game seed: 2196069951124567848

18 ryw the Skirmisher (level 2, 0/25 HPs)
             Began as a Demonspawn Monk on May 5, 2022.
             Slain by a gnoll
             ... wielding a +0 whip
              (6 damage)
             ... on level 2 of the Dungeon.
             The game lasted 00:00:45 (498 turns).

ryw the Skirmisher (Demonspawn Monk)                 Turns: 498, Time: 00:00:46

Health: 0/25       AC:  2    Str: 11    XL:     2   Next: 48%
Magic:  2/2        EV: 12    Int: 11    God:
Gold:   0          SH:  4    Dex: 15    Spells: 1/1 levels left

rFire   . . .      SeeInvis .     - Unarmed
rCold   . . .      Faith    .   (no shield)
rNeg    . . .      Spirit   .   a - +0 robe
rPois   .          Reflect  .   (no helmet)
rElec   .          Harm     .   (no cloak)
rCorr   .          Rampage  .   (no gloves)
Will    .....                   (no boots)
Stlth   ++........              (no amulet)
HPRegen 0.08/turn               (no ring)
MPRegen 0.08/turn               (no ring)

@: brilliant, flying
A: large bone plates 1
a: no special abilities


You were on level 2 of the Dungeon.
You visited 1 branch of the dungeon, and saw 2 of its levels.

Inventory:

Armour
 a - a +0 robe (worn)
Potions
 b - a potion of ambrosia
 d - a potion of flight


   Skills:
 + Level 3.9 Fighting
 - Level 2.6 Dodging
 - Level 1.7 Stealth
 - Level 2.6 Unarmed Combat


You had one spell level left.
You didn't know any spells.
Your spell library was empty.

Dungeon Overview and Level Annotations

Branches:
Dungeon (1/15)

Altars:


Innate Abilities, Weirdness & Mutations

You are partially covered in large bone plates. (SH +4)


Message History

You are frozen.
The frilled lizard bites you. The goblin attacks as you move away!
The goblin closely misses you. The endoplasm closely misses you.
There is an open door here.
The endoplasm attacks as you move away! The endoplasm closely misses you.
The frilled lizard unfolds its giant frill.
The goblin attacks as you move away! You block the goblin's attack.
The goblin attacks as you move away! The goblin hits you with a +0 club.
The goblin attacks as you move away! You block the goblin's attack.
The goblin attacks as you move away! You block the goblin's attack.
You hit the goblin.
You kill the goblin!
It was a potion of brilliance.
You feel clever all of a sudden.
It was a potion of flight.
You feel very buoyant.
You fly up into the air.
The endoplasm misses you.
Okay, then.
Unknown command.
You aren't carrying any scrolls.
Unknown command.
Unknown command.
You hit the endoplasm.
The endoplasm is heavily wounded.
The endoplasm closely misses you.
You hit the endoplasm but do no damage.
The endoplasm is heavily wounded.
The endoplasm freezes you.
You are frozen.
* * * LOW HITPOINT WARNING * * *
You hit the endoplasm but do no damage.
The endoplasm is heavily wounded.
The endoplasm hits you.
* * * LOW HITPOINT WARNING * * *
You hit the endoplasm.
You kill the endoplasm!
You hit the frilled lizard.
You kill the frilled lizard!
The gnoll hits you with a +0 whip.
You die...

################
#g.............#
#@############.# #.#
##'### #.# #lg...
###+### #.....
....... #.....
#...... #######.....
#......##..g........
#......#...####.....
#g.....#...####.....


You could see a gnoll.

Vanquished Creatures
  An adder (D:2)
  2 ball pythons
  An endoplasm (D:2)
  A goblin (D:2)
  A hobgoblin (D:1)
  A quokka (D:1)
  A frilled lizard (D:2)
8 creatures vanquished.

Notes
Turn   | Place    | Note
-------+----------+-------------------------------------------
     0 | D:1      | ryw the Demonspawn Monk began the quest for the Orb.
     0 | D:1      | Reached XP level 1. HP: 18/18 MP: 1/1
   162 | D:1      | You fall into a shaft and drop 1 floor!
   181 | D:2      | Gained mutation: You are partially covered in large bone
                  | plates. (SH +4) [demonic ancestry]
   181 | D:2      | Reached XP level 2. HP: 5/25 MP: 2/2
   498 | D:2      | Slain by a gnoll

Illustrated notes

Levels and vault maps discovered:
D:1:      wander_arrival_chamber, layout_loops_ring, basic_ecumenical_altar,
          grunt_decor_one_mirror
D:2:      layout_basic, basic_altar

Action                   || total
-------------------------++-------
Melee: Unarmed           ||    30
  Use: Potion            ||     2
Armor: Robe              ||     3
Dodge: Dodged            ||    21
Block: Other             ||     6

Table legend: (Time is in decaauts)
 A = Elapsed time spent in this place.
 B = Non-inter-level travel time spent in this place.
 C = Inter-level travel time spent in this place.
 D = Time resting spent in this place.
 E = Time spent auto-exploring this place.
 F = Levels seen in this place.
 G = Mean time per level.
                   A        B        C        D        E       F      G
               +--------+--------+--------+--------+--------+-----+--------+
         Total |    496 |    496 |      0 |    272 |    144 |   2 |  248.0 |
       Dungeon |    496 |    496 |      0 |    272 |    144 |   2 |  248.0 |
               +--------+--------+--------+--------+--------+-----+--------+

Top non-repeatable levels by time:
     D:2: 334 daAuts
     D:1: 161 daAuts
